AoeStats
← CHMB_Danchi

Arena

506714037Analyzed
1v1 RM · 17d ago on Sep 14, 2026· 37m 55s· 2 players
Game mode
Random Map
Map size
Tiny (2 player)
Population
200
Speed
Normal
Resources
Standard
Victory
Conquest
Starting age
Dark Age
Ending age
Imperial Age
RankedLock teamsTeams togetherTeam positionsShared explorationLock speedFull tech treeHidden civsTurbo modeCheats
Victory
Defeat
🇦🇷 Persians · Argentina
754
+15
🇦🇷 Khmer · Argentina
726
-15
braian4400
11:01 Feudal Age
10:52 Loom
13:27 Wheelbarrow
17:04 Double-Bit Axe
17:04 Horse Collar
23:24 Castle Age
21:34 Fletching
21:57 Padded Archer Armor
22:49 Scale Barding Armor
22:58 Forging
23:03 Gold Mining
23:29 Light Cavalry
23:45 Crossbowman
26:20 Gold Shaft Mining
28:51 Ballistics
30:16 Bow Saw
35:04 Imperial Age
34:14 Husbandry
34:27 Bloodlines
35:30 Chain Barding Armor
37:27 Theocracy
CHMB_Danchi
10:40 Feudal Age
14:56 Castle Age
13:22 Double-Bit Axe
15:58 Bow Saw
15:32 Horse Collar
22:06 Loom
22:56 Wheelbarrow
22:08 Town Watch
22:15 Town Watch
25:29 Husbandry
26:25 Hand Cart
27:03 Stone Mining
27:04 Gold Mining
29:42 Town Patrol
30:01 Bloodlines
31:30 Scale Barding Armor
31:36 Forging
31:26 Scale Mail Armor
34:16 Imperial Age
36:28 Chemistry
35:50 Ballistics
36:06 Conscription
35:07 Elite War Elephant
36:40 Kamandaran
36:54 Citadels
36:11 Cavalier
37:53 Gold Shaft Mining
37:58 Stone Shaft Mining
Connection lost

Rejoining the realm…

Still unreachable

The connection could not be restored.

Session expired

The server has moved on; the page needs a fresh start.